 Dungeon Crawl Stone Soup version 0.29.0 (webtiles) character file.

Game seed: 4574797728389575457

903 GigaChad the Slasher (level 7, -1/61 HPs)
             Began as a Minotaur Fighter on Aug 24, 2022.
             Was a Priest of Vehumet.
             Slain by a gnoll
             ... wielding a +0 flail
             ... led by a gnoll sergeant
              (7 damage)
             ... on level 5 of the Dungeon on Aug 25, 2022.
             The game lasted 00:13:51 (4281 turns).

GigaChad the Slasher (Minotaur Fighter)             Turns: 4281, Time: 00:13:51

Health: -1/61      AC: 12    Str: 22    XL:     7   Next: 80%
Magic:  6/6        EV:  7    Int:  5    God:    Vehumet [***...]
Gold:   244        SH:  5    Dex: 10    Spells: 6/6 levels left

rFire   . . .      SeeInvis +   a - +0 long sword (freeze)
rCold   . . .      Faith    .   c - +0 buckler
rNeg    . . .      Spirit   .   o - +0 plate armour
rPois   +          Reflect  .   (helmet restricted)
rElec   .          Harm     .   (no cloak)
rCorr   .          Rampage  .   (no gloves)
Will    .....                   (no boots)
Stlth   ..........              (no amulet)
HPRegen 0.20/turn               n - ring of see invisible
MPRegen 0.10/turn               f - ring of poison resistance

@: no status effects
A: horns 2, retaliatory headbutt
a: Renounce Religion


You were on level 5 of the Dungeon.
You worshipped Vehumet.
Vehumet was most pleased with you.
You visited 1 branch of the dungeon, and saw 5 of its levels.
You also visited: Sewer.

You collected 244 gold pieces.

Inventory:

Hand Weapons
 a - a +0 long sword of freezing (weapon)
Missiles
 l - 8 poisoned darts (quivered)
Armour
 b - a +0 scale mail
 c - a +0 buckler (worn)
 o - a +0 plate armour (worn)
Jewellery
 f - a ring of poison resistance (right hand)
 n - a ring of see invisible (left hand)
Scrolls
 g - 2 scrolls of blinking
 i - a scroll of immolation
 m - a scroll of amnesia
 r - a scroll of identify
 s - a scroll of magic mapping
 v - a scroll of butterflies
 y - a scroll of enchant armour {unknown}
Potions
 d - 2 potions of might
 e - 3 potions of flight {unknown}
 h - 4 potions of heal wounds {unknown}
 j - a potion of degeneration {unknown}
 k - a potion of ambrosia {unknown}
 p - 3 potions of mutation {unknown}
 q - a potion of curing {unknown}
 u - a potion of magic {unknown}
 w - 2 potions of haste
 x - 2 potions of cancellation {unknown}
 z - a potion of brilliance {unknown}


   Skills:
 + Level 5.2 Fighting
 + Level 6.5 Long Blades
 + Level 6.4 Armour
 + Level 2.3 Dodging
 + Level 0.4 Stealth
 + Level 6.1 Shields


You had 6 spell levels left.
You didn't know any spells.
Your spell library contained the following spells:

 Spells                   Type           Power      Damage    Failure   Level
 Airstrike                Air            0%         2d(0-16)  100%        4
 Beastly Appendage        Tmut           0%         N/A       100%        1
 Wereblood                Tmut           0%         N/A       100%        2
 Spider Form              Tmut/Pois      0%         N/A       100%        3
 Malign Gateway           Summ/Tloc      0%         N/A       100%        7
 Summon Horrible Things   Summ           0%         N/A       100%        8


Dungeon Overview and Level Annotations

Branches:
Dungeon (5/15)              Sewer (visited)
 Temple: D:4-7

Altars:
Kikubaaqudgha
Okawaru
Vehumet
The Shining One


Innate Abilities, Weirdness & Mutations

You have a pair of horns on your head.
You reflexively headbutt those who attack you in melee.


Message History

The gnoll hits you with a +0 flail! You block the gnoll sergeant's attack.
The gnoll hits you with a +0 spear!
* * * LOW HITPOINT WARNING * * *
Things that are here:
a +0 whip; an inky potion You closely miss the gnoll sergeant.
The gnoll sergeant is lightly wounded.
The gnoll sergeant hits you but does no damage.
The gnoll hits you with a +0 spear.
* * * LOW HITPOINT WARNING * * *
The gnoll hits you but does no damage.
The gnoll sergeant attacks as you move away!
The gnoll sergeant hits you with a +0 spear.
* * * LOW HITPOINT WARNING * * *
The gnoll attacks as you move away! The gnoll hits you but does no damage.
The gnoll sergeant completely misses you.
The gnoll hits you with a +0 flail.
* * * LOW HITPOINT WARNING * * *
The gnoll hits you but does no damage.
The gnoll sergeant hits you from afar with a +0 spear.
* * * LOW HITPOINT WARNING * * *
The gnoll hits you from afar with a +0 spear.
* * * LOW HITPOINT WARNING * * *
Blink to where?
Press: ? - help, Dir - move target 2 gnolls come into view.
Found a scroll labelled MIAPIR TUOKHLY.
As you read the scroll of blinking, it crumbles to dust.
The gnoll shouts!
A hound comes into view.
Found a scroll labelled UVU QIRCHIHYE.
The hound barks!
Unknown command.
The gnoll barely misses you. The gnoll hits you but does no damage.
The gnoll hits you but does no damage.
You hit the gnoll. You freeze the gnoll. You headbutt the gnoll!
The gnoll is almost dead.
The gnoll hits you with a +0 flail!
You die...

.........##....###...##
...............#......#
.†.............##.....##
........†.......).#....#
.<..............g##....#
......#..!.........#..## #
#....###..........g...##.####
#.#.## #.......ggg..gg......#
.##.# ##......#@...h........
. ..# #......###..#........
.. .. #......##..###.?..... #
. ..####..#..# ..##... #.#.
..# #. .. . ... ... .. ....
#.?# .. ...##


You could see a gnoll sergeant, a hound and 6 gnolls.

Vanquished Creatures
  Sigmund (D:3)
  3 kobold brigands (Sewer)
  Blork the orc (D:5)
  3 hounds
  2 orc priests (D:4)
  2 iguanas
  Natasha (thrice) (D:2)
  An orc wizard (D:3)
  A gnoll (D:5)
  4 adders
  2 ufetubi (D:4)
  A worm (D:2)
  4 dart slugs
  4 orcs
  9 bats
  9 endoplasms
  6 giant cockroaches
  4 goblins
  8 hobgoblins
  5 jackals
  9 quokkas
  13 ball pythons
  6 frilled lizards
  13 kobolds
  5 rats
119 creatures vanquished.

Vanquished Creatures (others)
  32 plants
32 creatures vanquished.

Grand Total: 151 creatures vanquished

Notes
Turn   | Place    | Note
-------+----------+-------------------------------------------
     0 | D:1      | GigaChad the Minotaur Fighter began the quest for the Orb.
     0 | D:1      | Reached XP level 1. HP: 19/19 MP: 0/0
   177 | D:1      | Reached XP level 2. HP: 27/27 MP: 1/1
   228 | D:1      | Found a faded altar of an unknown god.
   238 | D:1      | Prayed at the altar of an unknown god.
   238 | D:1      | Became a worshipper of Vehumet
   238 | D:1      | Reached * piety under Vehumet
   238 | D:1      | Offered knowledge of Sandblast by Vehumet.
   809 | D:1      | Reached XP level 3. HP: 33/33 MP: 2/2
  1065 | D:2      | Noticed Natasha
  1068 | D:2      | Killed Natasha
  1271 | D:2      | Reached XP level 4. HP: 36/40 MP: 3/3
  1341 | D:2      | Noticed Natasha
  1350 | D:2      | Killed Natasha
  1359 | D:2      | Reached skill level 1 in Dodging
  1395 | D:2      | Offered knowledge of Searing Ray by Vehumet.
  1736 | D:2      | Noticed Natasha
  1745 | D:2      | Killed Natasha
  1868 | D:3      | Reached XP level 5. HP: 39/46 MP: 4/4
  1871 | D:3      | Reached ** piety under Vehumet
  1962 | D:3      | Found a glowing golden altar of the Shining One.
  2246 | D:3      | Noticed Sigmund
  2261 | D:3      | Killed Sigmund
  2262 | D:3      | Reached skill level 5 in Long Blades
  2262 | D:3      | Reached skill level 5 in Armour
  2262 | D:3      | Reached XP level 6. HP: 46/53 MP: 5/5
  2668 | D:4      | Found an ancient bone altar of Kikubaaqudgha.
  2669 | D:4      | Found an iron altar of Okawaru.
  2801 | D:4      | Offered knowledge of Inner Flame by Vehumet.
  2802 | D:4      | Reached skill level 5 in Shields
  3264 | D:4      | Reached *** piety under Vehumet
  3266 | D:4      | Found a glowing drain.
  3310 | D:4      | Reached XP level 7. HP: 47/60 MP: 6/6
  3322 | Sewer    | Entered a sewer
  3427 | Sewer    | Offered knowledge of Airstrike by Vehumet.
  3760 | D:4      | Reached skill level 5 in Fighting
  4069 | D:5      | Entered Level 5 of the Dungeon
  4094 | D:5      | Noticed Blork the orc
  4107 | D:5      | Killed Blork the orc
  4281 | D:5      | Slain by a gnoll

Illustrated notes

Levels and vault maps discovered:
D:1:      saegor_arrival_simple_d, layout_loops_ring,
          hellmonk_ecumenical_altar_slurped_away, minmay_vboxes
D:2:      layout_rooms, minivault_5, grunt_ministairs_13, kennysheep_boxes,
          uniq_natasha
D:3:      layout_basic, tso_oasis_becter, item_on_display_a, uniq_sigmund
D:4:      layout_rooms, jmf_multi_god_temple, gup_sewer_entry_pipe
D:5:      layout_cave_pools, lemuel_zombie_altar_yredelemnul, uniq_blork_the_orc

Skill      XL: |  1  2  3  4  5  6  7 |
---------------+----------------------+-----
Shields        | 4 5 6 |  6.1
Armour         | 4 5 6 |  6.4
Fighting       | 4 5 |  5.2
Long Blades    | 3 5 6 |  6.5
Dodging        | 1 2 |  2.3
Stealth        | |  0.4

Action                   |  1- 3 |  4- 6 |  7- 9 || total
-------------------------+-------+-------+-------++-------
Melee: Long sword        |    60 |   183 |    80 ||   323
       Headbutt          |     7 |    18 |    18 ||    43
  Use: Scroll            |     1 |     4 |     4 ||     9
Armor: Scale mail        |    50 |    29 |       ||    79
       Plate armour      |       |    90 |    86 ||   176
Dodge: Dodged            |    34 |    70 |    45 ||   149
Block: Buckler           |    13 |    54 |    38 ||   105
